 Dungeon Crawl Stone Soup version 0.28.0-43-g3370ac3207 (webtiles) character file.

Game seed: 1112672092229268898

21 Ablot the Grasshopper (level 2, -3/26 HPs)
             Began as a Gnoll Warper on Feb 28, 2022.
             Slain by a kobold
             ... wielding a +0 short sword
              (5 damage)
             ... on level 2 of the Dungeon.
             The game lasted 00:01:19 (1342 turns).

Ablot the Grasshopper (Gnoll Warper)                Turns: 1342, Time: 00:01:19

Health: -3/26      AC:  3    Str: 10    XL:     2   Next: 87%
Magic:  7/7        EV: 12    Int: 12    God:
Gold:   20         SH:  0    Dex: 11    Spells: 8/10 levels left

rFire   . . .      SeeInvis .   a - +0 spear
rCold   . . .      Faith    .   (no shield)
rNeg    . . .      Spirit   .   b - +0 leather armour
rPois   .          Reflect  .   (no helmet)
rElec   .          Harm     .   (no cloak)
rCorr   +          Rampage  .   (no gloves)
Will    .....                   (no boots)
Stlth   +.........              (no amulet)
HPRegen 0.08/turn               j - ring of resist corrosion
MPRegen 0.10/turn               (no ring)

@: no status effects
A: fangs 1, strong nose, distributed training
a: no special abilities


You were on level 2 of the Dungeon.
You visited 1 branch of the dungeon, and saw 2 of its levels.

You collected 40 gold pieces.
You spent 20 gold pieces at shops.

Inventory:

Hand Weapons
 a - a +0 spear (weapon)
Missiles
 d - 5 boomerangs of dispersal (quivered)
 e - 16 arrows
 f - 37 sling bullets
 h - 4 stones
Armour
 b - a +0 leather armour (worn)
Jewellery
 j - a ring of resist corrosion (left hand)
Scrolls
 c - a scroll of blinking
 i - a scroll of summoning {unknown}
 k - a scroll of identify
 l - a scroll of magic mapping {unknown}
Potions
 g - a potion of invisibility {unknown}


   Skills:
 + Level 4.5 Fighting
 + Level 0.5 Short Blades
 + Level 0.5 Long Blades
 + Level 0.5 Axes
 + Level 0.5 Maces & Flails
 + Level 4.5 Polearms
 + Level 0.5 Staves
 + Level 0.5 Slings
 + Level 0.5 Bows
 + Level 0.5 Crossbows
 + Level 2.5 Throwing
 + Level 2.5 Armour
 + Level 4.5 Dodging
 + Level 0.5 Stealth
 + Level 0.5 Shields
 + Level 0.5 Unarmed Combat
 + Level 4.9 Spellcasting
 + Level 0.4 Conjurations
 + Level 0.4 Hexes
 + Level 0.4 Summonings
 + Level 0.4 Necromancy
 + Level 5.4 Translocations
 + Level 0.4 Transmutations
 + Level 0.4 Fire Magic
 + Level 0.4 Ice Magic
 + Level 0.4 Air Magic
 + Level 0.4 Earth Magic
 + Level 0.4 Poison Magic
 + Level 0.7 Invocations
 + Level 0.5 Evocations


You had 8 spell levels left.
You knew the following spells:

 Your Spells              Type           Power      Damage    Failure   Level
a - Blink                 Tloc           30%        N/A       4%          2

Your spell library contained the following spells:

 Spells                   Type           Power      Damage    Failure   Level
 Gell's Gravitas          Tloc           15%        N/A       9%          3
 Lesser Beckoning         Tloc           15%        N/A       9%          3
 Teleport Other           Tloc           15%        N/A       9%          3
 Manifold Assault         Tloc           15%        N/A       63%         5


Dungeon Overview and Level Annotations

Branches:
Dungeon (2/15)

Altars:

Shops:
D:1 *


Innate Abilities, Weirdness & Mutations

You have very sharp teeth.
Your uncanny sense of smell can sniff out nearby items.
Your experience applies equally to all skills.


Message History

The stone closely misses you.
You hit the endoplasm.
You kill the endoplasm!
The kobold misses you.
You barely miss the kobold. Your bite misses the kobold.
You closely miss the kobold. Your bite misses the kobold.
The kobold closely misses you.
You hit the kobold but do no damage.
The kobold hits you with a +0 short sword.
The kobold throws a stone.
The stone hits you but does no damage.
You are too injured to fight recklessly!
You are too injured to fight recklessly!
You are too injured to fight recklessly!
You are too injured to fight recklessly!
You are too injured to fight recklessly!
You are too injured to fight recklessly!
You are too injured to fight recklessly!
You are too injured to fight recklessly!
You are too injured to fight recklessly!
You are too injured to fight recklessly!
You hit the kobold but do no damage. Your bite misses the kobold.
The kobold misses you.
You hit the kobold but do no damage.
The kobold hits you with a +0 short sword.
* * * LOW HITPOINT WARNING * * *
You closely miss the kobold. You barely miss the kobold. You bite the kobold.
The kobold is moderately wounded.
The kobold hits you with a +0 short sword.
* * * LOW HITPOINT WARNING * * *
You closely miss the kobold.
The kobold is moderately wounded.
The kobold barely misses you.
You hit the kobold but do no damage.
The kobold is moderately wounded.
The kobold closely misses you.
You hit the kobold but do no damage. Your bite misses the kobold.
The kobold is moderately wounded.
The kobold hits you with a +0 short sword.
You die...

# #....... ## ∆
#.##.#....#... ..
#.#.......... ..#
#..#...).#.# #.#
..........# #.#
#.#.....# #.# ##
#...K..# ##.###.
##.#K### ##...##. #
#@## #.......
#.$#.## #....###
#.###.#######.#.####
#.# ##........#.....
## ##.##############
#.#.####...........
#.......##########
#########


You could see 2 kobolds.

Vanquished Creatures
  2 dart slugs
  6 ball pythons
  An endoplasm (D:2)
  A hobgoblin (D:1)
  3 kobolds
  A quokka (D:2)
  A bat (D:1)
  A frilled lizard (D:1)
  3 rats
19 creatures vanquished.

Notes
Turn   | Place    | Note
-------+----------+-------------------------------------------
     0 | D:1      | Ablot the Gnoll Warper began the quest for the Orb.
     0 | D:1      | Reached XP level 1. HP: 20/20 MP: 6/6
   537 | D:1      | Found Jyveseor's General Store.
   574 | D:1      | Reached XP level 2. HP: 26/26 MP: 7/7
   579 | D:1      | Learned a level 2 spell: Blink
  1132 | D:1      | Bought a scroll of identify for 20 gold pieces
  1342 | D:2      | Slain by a kobold

Illustrated notes

Levels and vault maps discovered:
D:1:      dpeg_arrival_three_bigger_balls, layout_basic, serial_shops,
          nicolae_square_shop, corner_web_ring, chequers_serial_rivers_micro_a
D:2:      layout_loops_ring, basic_altar, nicolae_wormholes, uniq_sigmund

Action                   || total
-------------------------++-------
Melee: Spear             ||    70
       Bite              ||     7
Armor: Leather armour    ||    12
Dodge: Dodged            ||    33
